 Dungeon Sprint DCSS version 0.30-a0-949-g53dc5368d7 (webtiles) character file.

Game seed: 2448278838546842494

5 PLAYERX the Slasher (level 1, 0/22 HPs)
             Began as a Minotaur Monk on Mar 27, 2023.
             Was a Believer of Nemelex Xobeh.
             Slain by a gnoll
             ... wielding a +0 club
              (4 damage)
             ... in the Dungeon (Sprint VII: "The Pits").
             The game lasted 00:01:55 (224 turns).

PLAYERX the Slasher (Minotaur Monk)                  Turns: 224, Time: 00:01:55

Health: 0/22       AC:  2    Str: 15    XL:     1   Next: 66%
Magic:  0/0        EV: 13    Int:  7    God:    Nemelex Xobeh [**....]
Gold:   0          SH:  0    Dex: 12    Spells: 0/0 levels left

rFire   . . .      SeeInvis .    a - +2 trident
rCold   . . .      Faith    .    (no shield)
rNeg    . . .      Spirit   .    b - +0 robe
rPois   .          Reflect  .    (helmet restricted)
rElec   .          Rampage  .    (no cloak)
rCorr   .          NoTele   +    (no gloves)
Will    .....                    (no boots)
Stlth   ++                       (no amulet)
HPRegen 0.23/turn                (no ring)
MPRegen 0.07/turn                (no ring)

@: no status effects
A: horns 2, retaliatory headbutt
a: Renounce Religion, Draw Escape, Draw Destruction, Draw Summoning


You were in the Dungeon.
You worshipped Nemelex Xobeh.
Nemelex Xobeh was pleased with you.
You visited 1 branch

Inventory:

Hand Weapons
 a - a +2 trident (weapon)
Missiles
 m - 10 stones (quivered)
Armour
 b - a +0 robe (worn)
Scrolls
 i - a scroll of blinking
 k - 5 scrolls of amnesia
 l - a scroll of summoning
Potions
 c - a potion of ambrosia
 d - a potion of curing
 e - a potion of heal wounds
 f - a potion of haste
 g - 4 potions of magic
 h - 3 potions of berserk rage
 j - 2 potions of invisibility


   Skills:
 + Level 4.3 Fighting
 + Level 4.3 Long Blades
 + Level 3.9 Dodging
 + Level 1.7 Stealth


You couldn't memorise any spells.
You didn't know any spells.
Your spell library was empty.

Dungeon Overview and Level Annotations

Branches:
Dungeon (1/1)

Altars:
Ashenzari
Cheibriados
Dithmenos
Elyvilon
Fedhas
Gozag
Hepliaklqana
Kikubaaqudgha
Makhleb
Nemelex Xobeh
Okawaru
Qazlal
Ru
Sif Muna
Trog
Uskayaw
Vehumet
Wu Jian
Xom
Yredelemnul
Zin
The Shining One
Jiyva
Lugonu


Innate Abilities, Weirdness & Mutations

You have a pair of horns on your head.
You reflexively headbutt those who attack you in melee.


Message History

There is a shimmering blue altar of Sif Muna here.
There is a bloodstained altar of Trog here.
There is an open door to the Temple (Safe) here.
You open the door.
A gnoll and a ball python come into view.
There is an open door here.
You reach to attack!
The helpless gnoll fails to defend itself.
You hit the gnoll.
The gnoll is moderately wounded.
You closely miss the gnoll.
The gnoll is moderately wounded.
The ball python hisses angrily.
The gnoll hits you with a +0 club.
You hit the gnoll.
The gnoll is heavily wounded.
The gnoll barely misses you. The ball python barely misses you.
The ball python grabs you. The ball python constricts you.
The gnoll hits you with a +0 club.
You closely miss the ball python. Your headbutt misses the ball python.
The ball python barely misses you. The ball python constricts you.
The gnoll closely misses you.
The ball python bites you but does no damage.
The ball python constricts you.
You puncture the ball python!
You kill the ball python!
The gnoll hits you with a +0 club.
You are too injured to fight recklessly!
You are too injured to fight recklessly!
You are too injured to fight recklessly!
You hit the gnoll.
The gnoll is severely wounded.
The gnoll hits you with a +0 club.
* * * LOW HITPOINT WARNING * * *
The gnoll misses you.
You hit the gnoll. Your headbutt misses the gnoll.
The gnoll is almost dead.
The gnoll hits you with a +0 club.
You die...
Your body disappears without a glow.

#_________.#
#_________.#
#_______...###########++
##########'##...........
#.?..')))'.##......#..#.
##########.##...........
#..........†'...........
#+#####'#####......#..#.
#...g@# #...........
#.....# ####'#####++
###+### #.......#
#.......# #.......#
#...<...# #.......#
#.......# #.......#


You could see a gnoll.

Vanquished Creatures
  A ball python (D)
  3 jackals (D)
4 creatures vanquished.

Notes
Turn   | Place    | Note
-------+----------+-------------------------------------------
     0 | D        | PLAYERX the Minotaur Monk began the quest for the Orb.
     0 | D        | Reached XP level 1. HP: 19/19 MP: 0/0
   152 | D        | Found a bloodstained altar of Trog.
   152 | D        | Found a shimmering blue altar of Sif Muna.
   152 | D        | Found a viscous altar of Jiyva.
   152 | D        | Found a hazy altar of Hepliaklqana.
   152 | D        | Found an opulent altar of Gozag.
   153 | D        | Found a glowing golden altar of the Shining One.
   153 | D        | Found a glowing silver altar of Zin.
   153 | D        | Found a basalt altar of Yredelemnul.
   153 | D        | Found a shimmering altar of Xom.
   153 | D        | Found an ornate altar of the Wu Jian Council.
   153 | D        | Found a sacrificial altar of Ru.
   153 | D        | Found a stormy altar of Qazlal.
   153 | D        | Found an iron altar of Okawaru.
   153 | D        | Found a sparkling altar of Nemelex Xobeh.
   153 | D        | Found a burning altar of Makhleb.
   153 | D        | Found a blossoming altar of Fedhas.
   153 | D        | Found a white marble altar of Elyvilon.
   153 | D        | Found a shadowy altar of Dithmenos.
   153 | D        | Found a snail-covered altar of Cheibriados.
   155 | D        | Found a radiant altar of Vehumet.
   155 | D        | Found a corrupted altar of Lugonu.
   156 | D        | Found a hide-covered altar of Uskayaw.
   156 | D        | Found an ancient bone altar of Kikubaaqudgha.
   156 | D        | Found a broken altar of Ashenzari.
   196 | D        | Became a worshipper of Nemelex Xobeh the Trickster
   196 | D        | Reached * piety under Nemelex Xobeh
   196 | D        | Received a gift from Nemelex Xobeh
   196 | D        | Reached ** piety under Nemelex Xobeh
   224 | D        | Slain by a gnoll

Illustrated notes

Levels and vault maps discovered:
D:        pitsprint [storerooms_1, entrance_room_1, metal_vault_3, armoury_1,
          mini_pit_1, grid_room_1, main_hall_1, silver_pit, the_coven_1,
          the_vestibule_1, steel_vault_3, golden_pit, hallway_of_sentries,
          crystal_vault_3, iron_vault_2, final_vault]

Skill      XL: |  1 |
---------------+----+-----
Fighting       | 4 |  4.3
Long Blades    | 4 |  4.3
Dodging        | |  3.9
Stealth        | |  1.7

Action                     || total
---------------------------++-------
  Melee: Trident           ||     7
         Falchion          ||     5
         Headbutt          ||     1
   Stab: Sleeping          ||     1
 Armour: Robe              ||     1
  Dodge: Dodged            ||     9

Table legend: (Time is in decaauts)
 A = Elapsed time spent in this place.
 B = Non-inter-level travel time spent in this place.
 C = Inter-level travel time spent in this place.
 D = Time resting spent in this place.
 E = Time spent auto-exploring this place.
 F = Levels seen in this place.
 G = Mean time per level.
                   A        B        C        D        E       F      G
               +--------+--------+--------+--------+--------+-----+--------+
         Total |    226 |    226 |      0 |    114 |      0 |   1 |  226.0 |
       Dungeon |    226 |    226 |      0 |    114 |      0 |   1 |  226.0 |
               +--------+--------+--------+--------+--------+-----+--------+

Top non-repeatable levels by time:
       D: 226 daAuts
